Nobbs, chaotic male elven Wizard ---- ----- + |..| +...| |. |.. |...| | ----+-----... ----|--+-----...| |................@G.............| | -+-----+--....u..---|---|--...| |......{|%...|...|...| |.......|.%.%|%%%|...- -...G...|..%.|%%%|...| ...{....|.*..|%%%|...| -------.----------|...| |.+ |((..-...| .| |(.(.|...| |.| |(((.|...| -.- ------...| . ....| --- ------ Nobbs the Thaumaturge Experience level: 6 Strength: 9 Dexterity: 13 Constitution: 16 Intelligence: 19 Wisdom: 11 Charisma: 11 Health: 0(47) Energy: 8(60) Def: 2 Gold: 794 Moves: 3974 Dungeon seed: mgmrgIKw6uzFSytR Game ID: Nobbs_1509433705 Your Inventory: Coins $ - 794 gold pieces Weapons a - a blessed +1 quarterstaff (weapon in hands) Armor e - an uncursed +0 cloak of magic resistance (being worn) N - an uncursed +0 elven leather helm (being worn) Comestibles o - an uncursed lichen corpse w - 2 uncursed cram rations x - 6 uncursed food rations I - an uncursed tin of kitten meat M - an uncursed tin of floating eye meat P - an uncursed egg Scrolls i - an uncursed scroll of confuse monster j - an uncursed scroll of destroy armor k - an uncursed scroll of remove curse t - an uncursed scroll of genocide z - an uncursed scroll of scare monster C - a cursed scroll of blank paper G - a cursed scroll of stinking cloud O - 2 uncursed scrolls of create monster Spellbooks l - a blessed spellbook of force bolt m - an uncursed spellbook of protection q - an uncursed spellbook of levitation F - an uncursed spellbook of magic missile J - a cursed spellbook of knock R - an uncursed spellbook of cure sickness Potions f - an uncursed potion of enlightenment g - an uncursed potion of gain ability h - 3 uncursed potions of speed r - an uncursed potion of polymorph s - a blessed potion of see invisible E - an uncursed potion of confusion S - an uncursed potion of object detection Rings c - an uncursed ring of searching (on left hand) d - an uncursed ring of slow digestion (on right hand) u - a cursed ring of invisibility y - an uncursed ring of searching A - an uncursed ring of teleport control K - an uncursed ring of slow digestion Wands b - a wand of secret door detection (0:13) v - a wand of locking (0:6) B - a wand of locking (0:6) Tools n - an uncursed wooden flute H - an uncursed leash L - an expensive camera (0:47) T - a magic marker (0:92) U - an uncursed skeleton key V - an uncursed wax candle (0:400) W - 6 uncursed tallow candles (0:200) Spells and supernatural/magical abilities: Name Level Category Fail Memory a - force bolt 1 attack 0% 81% m - magic missile 2 attack 0% 89% p - protection 1 clerical 0% 81% K - cure sickness 3 healing 71% 96% L - levitation 4 escape 96% 100% W - pray for help -- divine ? -- Your skills at the end: Fighting Skills Weapon Skills quarterstaff [Basic] Spellcasting Skills attack spells [Skilled] enchantment spells [Basic] Final Attributes: You were piously aligned. You were sleep resistant. You were magic-protected. You had automatic searching. You had infravision. You had slower digestion. You are dead. Vanquished creatures: a giant spider 4 apes 2 fog clouds a gnome lord 3 gnomish wizards a paper golem a floating eye a kitten 3 dwarves a kobold shaman 3 hill orcs a giant bat 2 orc zombies a dwarf zombie 2 wererats a werejackal 3 iguanas 3 acid blobs 4 hobbits a hobgoblin a giant rat 3 cave spiders a brown mold a red mold 10 gnomes 4 garter snakes a gnome zombie 7 geckos 14 jackals a kobold 4 goblins 9 grid bugs 2 bats 5 lichens 2 kobold zombies a newt 105 creatures vanquished. Voluntary challenges: You had been an atheist until turn 3702. You used a wielded weapon 53 times, starting on turn 63. You read items or engraved 58 times, starting on turn 380. You never genocided any monsters. You never polymorphed an object. You never changed form. You used no wishes. You never split a pudding. You wrote Elbereth's name 28 times, starting on turn 1220. You never violated your personal moral code. Dungeon overview: The Dungeons of Doom: levels 1 to 8 Level 1 an altar to Thoth, a fountain a long staircase Level 2 stairs to The Gnomish Mines Level 3 Level 4 a fountain Level 5 an armor shop Level 6 a general store, some fountains Level 7 many fountains Level 8 The Gnomish Mines: levels 3 to 6 Level 3 stairs to The Dungeons of Doom Level 4 Level 6 <- You were here some shops, a temple to Ptah, some fountains History has recorded: On T:1 you entered the Dungeons of Doom to retrieve the Amulet of Yendor! On T:146 you reached level 2 of The Dungeons of Doom. On T:344 you reached level 1 of The Gnomish Mines. On T:359 you advanced to experience level 2. On T:497 you reached level 3 of The Dungeons of Doom. On T:541 you reached level 4 of The Dungeons of Doom. On T:837 you advanced to experience level 3. On T:892 you reached level 5 of The Dungeons of Doom. On T:1370 you advanced to experience level 4. On T:1399 you reached level 6 of The Dungeons of Doom. On T:1639 you reached level 7 of The Dungeons of Doom. On T:2020 you reached level 8 of The Dungeons of Doom. On T:2270 you advanced to experience level 5. On T:3069 you advanced to experience level 6. On T:3569 you reached level 2 of The Gnomish Mines. On T:3632 you reached level 4 of The Gnomish Mines. Score breakdown: Gold: 794 ( 9866 points) Experience: 6 levels (12456 points) Exploration: 8 levels ( 16.00%) (11338 points) Discoveries: 3 items ( 1.09%) ( 3127 points) Valuables value: (no points given unless you survive) Artifact value: 0 ( 0 points) Variety of kills: 36 monsters ( 9.45%) ( 9221 points) Turncount: 3974 turns (-1015 points) Survival: died (score multiplied by 80%) Total score: 35994 Latest messages: You write in the dust with your fingers. The air crackles around the gnomish wizard. You add to the writing in the dust with your fingers. The gnome lord turns to flee! The gnomish wizard points at you, then curses. (2x) Please move the cursor to an unknown object. Elven wizard called Nobbs on the floor of a room. Done. The white unicorn butts! The white unicorn kicks! The white unicorn butts! The white unicorn kicks! The white unicorn butts! The white unicorn kicks! You die... Final status: Goodbye Nobbs the Wizard, killed by a white unicorn... You died in The Gnomish Mines on dungeon level 6 with 35994 points, and 794 pieces of gold, after 3974 moves. You were level 6 with a maximum of 47 hit points when you died.